cohdb
Replays
Latest Replays
All Replays
Popular Replays
Top Player Replays
Match Explorer
How It Works
Community
CoH3 Stats
Reddit
Sign in to upload your games and track your stats! →
Sign in with Steam
Match 45856085
Unlisted
Match 45856085
Overview
Messages
Build Orders
End
Scout Squad
Scout Squad
Construct Weapon Support Center
Selects Heavy Weapons
Bazooka Squad
M1919 Machine Gun Team
Air Support Center
M1919 Machine Gun Team
Construct Medical Station
M3 Armored Personnel Carrier
Selects Assault Carriers
Engineer Squad
M3 Assault Carrier
Improved M9 Bazooka Rockets
Selects Exchangeable Parts
M3 Assault Carrier
M1919 Machine Gun Team
Engineer Squad
Bazooka Squad
Grasshopper Recon Run
Construct Tank Depot
M3 Assault Carrier
M1919 Machine Gun Team
Bazooka Squad
Bazooka Squad
P-47 Strafing Run
P-47 Dive Bomb
PayPerPaper
Jon
Wololo
arrogant5123
PatriceLumumba400
JangGF
a1m$k3
Peetybird5000
0
0
Comments
sign in to comment!
No comments posted yet!